 Dungeon Crawl Stone Soup version 0.22-a0-358-g7563fe7 (webtiles) character file.

17 Amnesiac the Grave Robber (level 2, 0/20 HPs)
             Began as a Mummy Necromancer on Apr 18, 2018.
             Slain by a bat (1 damage)
             ... on level 2 of the Dungeon.
             The game lasted 00:00:51 (193 turns).

Amnesiac the Grave Robber (Mummy Necromancer)        Turns: 193, Time: 00:00:52

Health: 0/20       AC:  2    Str: 11    XL:     2   Next: 44%
Magic:  0/5        EV: 12    Int: 14    God:
Gold:   16         SH:  0    Dex: 12    Spells: 5/6 levels left

rFire    x . .     SeeInvis .   (no weapon)
rCold    + . .     Gourm    .   (no shield)
rNeg     + + +     Faith    .   a - +0 robe
rPois    ∞         Spirit   .   (no helmet)
rElec    .         Reflect  .   (no cloak)
rCorr    .         Harm     .   (no gloves)
MR       .....                  (no boots)
Stlth    ++........             (no amulet)
HPRegen  0.06/turn              (no ring)
MPRegen  0.09/turn              (no ring)

@: no status effects
A: no food or potions, fire vulnerability, cold resistance 1, negative energy
resistance 3, torment resistance, unbreathing
a: no special abilities


You were on level 2 of the Dungeon.
You were not hungry.

You visited 1 branch of the dungeon, and saw 3 of its levels.

You collected 16 gold pieces.

Inventory:

Armour
 a - a +0 robe (worn)
Scrolls
 c - a scroll of blinking {!r}


   Skills:
 + Level 0.5 Fighting
 * Level 2.0 Dodging
 - Level 1.5 Stealth
 + Level 2.9 Spellcasting
 * Level 4.2 Necromancy


You had 5 spell levels left.
You knew the following spells:

 Your Spells              Type           Power        Failure   Level  Hunger
a - Pain                  Necr           ##..         3%          1    N/A

Dungeon Overview and Level Annotations

Branches:
Dungeon (3/15)

Altars:


Innate Abilities, Weirdness & Mutations

You do not eat or drink.
Your flesh is vulnerable to fire.
You are immune to poison.
Your flesh is cold resistant. (rC+)
You are immune to negative energy. (rN+++)
You are immune to unholy pain and torment.
You can survive without breathing.


Message History

You don't have enough magic to cast that spell.
Casting: Pain (safe; 4% risk of failure)
Confirm with . or Enter, or press ? or * to list all spells.
You don't have enough magic to cast that spell.
Casting: Pain (safe; 4% risk of failure)
Confirm with . or Enter, or press ? or * to list all spells.
You don't have enough magic to cast that spell.
Casting: Pain (safe; 4% risk of failure)
Confirm with . or Enter, or press ? or * to list all spells.
Aiming: Pain (safe; 4% risk of failure)
Press: ? - help, Shift-Dir - straight line, f/p - gnoll
Aim: a gnoll, wielding a flail (severely wounded, chance to defeat MR: 77%)
The gnoll writhes in agony!
You kill the gnoll!
Your Dodging skill increases to level 2!
You have reached level 2!
You start resting.
HP restored.
You start resting.
Magic restored.
You see here a sedimented white potion {!q}.
There is a stone staircase leading down here.
You climb downwards.
The adder bites you. x2
There is a stone staircase leading up here.
Casting: Pain (safe; 3% risk of failure)
Confirm with . or Enter, or press ? or * to list all spells.
Aiming: Pain (safe; 3% risk of failure)
Press: ? - help, Shift-Dir - straight line, f - adder
Aim: an adder (chance to defeat MR: 77%)
The adder writhes in agony!
The adder bites you.
Casting: Pain (safe; 3% risk of failure)
Confirm with . or Enter, or press ? or * to list all spells.
Aiming: Pain (safe; 3% risk of failure)
Press: ? - help, Shift-Dir - straight line, f/p - adder
Aim: an adder (heavily wounded, chance to defeat MR: 77%)
The adder writhes in agony!
The adder bites you.
* * * LOW HITPOINT WARNING * * *
The adder bites you.
* * * LOW HITPOINT WARNING * * *
Casting: Pain (safe; 3% risk of failure)
Confirm with . or Enter, or press ? or * to list all spells.
Aiming: Pain (safe; 3% risk of failure)
Press: ? - help, Shift-Dir - straight line, f/p - adder
Aim: an adder (heavily wounded, chance to defeat MR: 77%)
The adder barely resists.
The adder barely misses you.
Casting: Pain (safe; 3% risk of failure)
Confirm with . or Enter, or press ? or * to list all spells.
Aiming: Pain (safe; 3% risk of failure)
Press: ? - help, Shift-Dir - straight line, f/p - adder
Aim: an adder (heavily wounded, chance to defeat MR: 77%)
The adder writhes in agony!
The bat barely misses you. The adder misses you.
Casting: Pain (safe; 3% risk of failure)
Confirm with . or Enter, or press ? or * to list all spells.
Aiming: Pain (safe; 3% risk of failure)
Press: ? - help, Shift-Dir - straight line, f/p - adder
Aim: an adder (heavily wounded, chance to defeat MR: 77%)
The adder writhes in agony!
The bat hits you but does no damage. The adder bites you.
* * * LOW HITPOINT WARNING * * *
The adder bites you.
* * * LOW HITPOINT WARNING * * *
Unknown command.
The bat hits you.
You die...

### ###
#.#####.#
#.Sg....#
#.#####.#
#.#...#.#
#g#S#)#.#
######'#.#.#.#
..........#.#.##
...........b@..#
..........S<...#
...........>...+
#######........#
#........#
#........#
#.......)....%.
##.............
#............?


You could see an adder and a bat.

Vanquished Creatures
  A gnoll (D:1)
  A leopard gecko (D:2)
  A goblin (D:1)
  2 kobolds (D:2)
  A frilled lizard (D:1)
  2 rats (D:1)
8 creatures vanquished.

Notes
Turn   | Place    | Note
-------+----------+-------------------------------------------
     0 | D:1      | Amnesiac the Mummy Necromancer began the quest for the Orb.
     0 | D:1      | Reached XP level 1. HP: 13/13 MP: 4/4
    53 | D:3      | Noticed an orc wizard
    53 | D:3      | Noticed an orc wizard
   137 | D:1      | Reached XP level 2. HP: 17/20 MP: 0/5
   192 | D:2      | HP: 1/20 [adder (1)]
   193 | D:2      | Slain by a bat

Vault maps used:
D:1:      erik_arrival_orb_chamber
D:2:      serial_bayou, serial_bayou_shore_a, serial_bayou_lake_a,
          serial_bayou_shore_b, serial_bayou_pond_b, serial_bayou_lagoon_a,
          serial_bayou_pond_e, lemuel_tele_altar
D:3:      lemuel_coloured_pillars_altar, st_stairs_8, minmay_crystal_water,
          minmay_misc_feat_secret_circle, uniq_sigmund, uniq_jessica

Skill      XL: |  1 |
---------------+----+-----
Dodging        | 2 |  2.0
Fighting       | |  0.5
Stealth        | |  1.5
Spellcasting   | |  2.9
Necromancy     | |  4.2

Action                   || total
-------------------------++-------
Melee: Unarmed           ||     2
 Cast: Pain              ||    20
  Use: Scroll            ||     1
Armor: Robe              ||     3
Dodge: Dodged            ||    15

Table legend:
 A = Spawn XP
 B = Non-spawn XP
 C = Spawn XP percentage of total XP
 D = Spawn monster count
 E = Non-spawn monster count
 F = Spawn count percentage of total count
 G = Total turns spent on level
                    A         B        C        D         E        F      G
               +---------+---------+-------+---------+---------+-------+---------
         Total |       0 |      25 |   0.0 |       0 |       8 |   0.0 |   193
               +---------+---------+-------+---------+---------+-------+---------
           D:1 |       0 |      19 |   0.0 |       0 |       5 |   0.0 |   130
           D:2 |       0 |       6 |   0.0 |       0 |       3 |   0.0 |    61
               +---------+---------+-------+---------+---------+-------+---------
